 Dungeon Crawl Stone Soup version 0.20-a0-351-gc9b4002 (webtiles) character file.

1334 Faca the Shield-Bearer (level 8, -1/62 HPs)
             Began as a Formicid Fighter on Dec 24, 2016.
             Was a Believer of Okawaru.
             Slain by BluePsion's ghost (7 damage)
             ... on level 6 of the Dungeon on Dec 25, 2016.
             The game lasted 00:14:35 (5203 turns).

Faca the Shield-Bearer (Formicid Fighter)           Turns: 5203, Time: 00:14:36

Health: -1/62      AC: 11    Str: 24    XL:     8   Next: 92%
Magic:  8/8        EV: 11    Int:  9    God:    Okawaru [**....]
Gold:   364        SH:  0    Dex: 12    Spells: 7/7 levels left

rFire  . . .     SeeInvis +     a - +1 war axe
rCold  . . .     Gourm    .     b - +0 scale mail
rNeg   . . .     Faith    .     c - +0 shield
rPois  .         Spirit   .     (helmet unavailable)
rElec  .         Reflect  .     e - +0 cloak (curse)
rCorr  .         Harm     +     m - +0 pair of gloves
MR     .....                    j - +0 pair of boots
Stlth  ..........               i - amulet of harm (curse)
                                (no ring)
                                (no ring)

@: confused
A: permanent stasis, dig shafts and tunnels, four strong arms, antennae 3,
clever 1, screaming 1, strong 1
a: Dig, Shaft Self, Heroism, Renounce Religion


You were on level 6 of the Dungeon.
You worshipped Okawaru.
Okawaru was pleased with you.
You were not hungry.

You visited 1 branch of the dungeon, and saw 6 of its levels.

You collected 364 gold pieces.

Inventory:

Hand Weapons
 a - a +1 war axe (weapon)
Missiles
 t - 4 exploding tomahawks (quivered)
Armour
 b - a +0 scale mail (worn)
 c - a +0 shield (worn)
 d - a +2 cloak of magic resistance
 e - a cursed +0 cloak (worn)
 j - a +0 pair of boots (worn)
 m - a +0 pair of gloves (worn)
Jewellery
 i - a cursed amulet of harm (around neck)
 n - an uncursed amulet of faith {unknown}
 p - an uncursed amulet of magic regeneration {unknown}
 u - a cursed +2 amulet of reflection {unknown}
Wands
 r - a wand of acid (6/15)
Scrolls
 w - 2 scrolls of magic mapping
Potions
 k - a potion of curing {unknown}
 l - a potion of cure mutation {unknown}
 o - a potion of resistance {unknown}
 q - a potion of cancellation {unknown}
 s - 2 potions of invisibility
 v - a potion of lignification {unknown}
Comestibles
 f - 4 bread rations
 g - a meat ration
 h - a beef jerky


   Skills:
 + Level 5.3 Fighting
 + Level 5.9 Axes
 + Level 5.5 Armour
 + Level 3.2 Dodging
 - Level 0.6 Stealth
 + Level 7.0 Shields


You had 7 spell levels left.
You didn't know any spells.

Dungeon Overview and Level Annotations

Branches:
Dungeon (6/15)
 Temple: D:4-7

Altars:
Cheibriados
Fedhas
Hepliaklqana
Makhleb
Nemelex Xobeh
Okawaru
Sif Muna
Vehumet
Yredelemnul

Annotations:
D:6 BluePsion's ghost, novice DECj


Innate Abilities, Weirdness & Mutations

You cannot be hasted, slowed, berserked, paralysed or teleported.
You can dig through walls and to a lower floor.
Your four strong arms can wield two-handed weapons with a shield.
You have a pair of large antennae on your head. (SInv)
Your mind is acute. (Int +2)
You occasionally shout uncontrollably at your foes.
Your muscles are strong. (Str +2)


Message History

You miss BluePsion's ghost.
BluePsion's ghost is heavily damaged.
BluePsion's ghost completely misses you.
You barely miss BluePsion's ghost.
BluePsion's ghost is heavily damaged.
BluePsion's ghost casts a spell at you. The spray of energy hits you!
* * * LOW HITPOINT WARNING * * *
You are confused.
You bump into the rock wall.
BluePsion's ghost gestures at you while chanting.
The spray of energy hits you!
* * * LOW HITPOINT WARNING * * *
You are more confused.
You're too confused to move!
BluePsion's ghost hits you but does no damage.
BluePsion's ghost hits you but does no damage.
BluePsion's ghost hits you but does no damage.
BluePsion's ghost hits you.
You die...

##### { .....
#... #..# #..#
#.[# #
#@.####.##.
#.##.W#.......
#.........#
#/##..#.#.#
#......#.#
##........
.......#.##
##########. #


You could see BluePsion's ghost.

Vanquished Creatures
  An ice beast (D:6)
  2 ogres
  A big kobold (D:5)
  6 scorpions (D:5)
  A crimson imp (D:5)
  A jelly (D:5)
  Crazy Yiuf (D:5)
  A bullfrog skeleton (D:4)
  An orc priest (D:4)
  4 orc wizards
  Jessica (D:3)
  2 worker ants (D:5)
  A statue (D:4)
  A hound skeleton (D:5)
  A worker ant zombie (D:5)
  2 gnolls (D:2)
  15 adders
  3 shadow imps
  An ooze (D:4)
  3 worms
  A dart slug (D:1)
  7 leopard geckos
  14 orcs
  A ball python (D:4)
  3 giant cockroaches
  6 goblins
  14 hobgoblins
  8 jackals
  15 kobolds
  3 quokkas
  11 bats
  A frilled lizard (D:4)
  10 rats
  7 fungi (D:5)
150 creatures vanquished.

Notes
Turn   | Place    | Note
-------+----------+-------------------------------------------
     0 | D:1      | Faca the Formicid Fighter began the quest for the Orb.
     0 | D:1      | Reached XP level 1. HP: 18/18 MP: 1/1
   245 | D:1      | Reached XP level 2. HP: 24/24 MP: 2/2
   334 | D:1      | Reached skill level 4 in Shields
   522 | D:1      | Reached XP level 3. HP: 29/29 MP: 3/3
  1014 | D:2      | Reached XP level 4. HP: 18/36 MP: 4/4
  1352 | D:2      | Found a snail-covered altar of Cheibriados.
  1356 | D:2      | Reached XP level 5. HP: 40/42 MP: 5/5
  1505 | D:2      | Found an iron altar of Okawaru.
  1513 | D:2      | Became a worshipper of Warmaster Okawaru
  2031 | D:3      | Noticed Jessica
  2039 | D:3      | Killed Jessica
  2039 | D:3      | Reached skill level 5 in Shields
  2125 | D:3      | Found a basalt altar of Yredelemnul.
  2128 | D:3      | Found a hazy altar of Hepliaklqana.
  2131 | D:3      | Found a burning altar of Makhleb.
  2175 | D:3      | Found a sparkling altar of Nemelex Xobeh.
  2201 | D:3      | Reached skill level 1 in Dodging
  2330 | D:3      | Found a deep blue altar of Sif Muna.
  2497 | D:3      | Reached XP level 6. HP: 48/48 MP: 6/6
  2752 | D:3      | Gained mutation: You occasionally shout uncontrollably at your foes. [potion of mutation]
  2752 | D:3      | Gained mutation: Your mind is acute. (Int +2) [potion of mutation]
  2752 | D:3      | Gained mutation: Your muscles are strong. (Str +2) [potion of mutation]
  2901 | D:4      | Noticed an ogre
  2910 | D:4      | Killed an ogre
  2910 | D:4      | Reached XP level 7. HP: 25/54 MP: 7/7
  3134 | D:4      | Found a radiant altar of Vehumet.
  3998 | D:5      | Entered Level 5 of the Dungeon
  4001 | D:5      | Found a blossoming altar of Fedhas.
  4015 | D:5      | Reached * piety under Okawaru
  4015 | D:5      | Reached skill level 5 in Axes
  4015 | D:5      | Reached skill level 6 in Shields
  4258 | D:5      | Found a runed door.
  4263 | D:5      | Noticed Crazy Yiuf
  4266 | D:5      | Killed Crazy Yiuf
  4304 | D:5      | Reached XP level 8. HP: 60/60 MP: 8/8
  4306 | D:5      | Reached skill level 5 in Armour
  4353 | D:5      | Reached ** piety under Okawaru
  4928 | D:5      | Reached skill level 5 in Fighting
  5123 | D:6      | Reached skill level 7 in Shields
  5188 | D:6      | Noticed BluePsion's ghost (novice DECj)
  5203 | D:6      | Slain by BluePsion's ghost

Vault maps used:
D:1:      dpeg_arrival_lava_temple_mockup
D:2:      cheibriados_altar_1, okawaru_altar_gauntlet_db
D:3:      lemuel_crystal_altar, nemelex_xobeh_ov_fountains_minmay,
          grunt_temple_overflow_diamond, first_bread, uniq_jessica
D:4:      vehumet_statue, corexii_leaking_fountain
D:5:      old_forge, old_standard_altar, uniq_crazy_yiuf_cottage
D:6:      kennysheep_generic_room_3

Skill      XL: |  1  2  3  4  5  6  7  8 |
---------------+-------------------------+-----
Shields        | 4 5 6 7 |  7.0
Axes           | 3 4 5 |  5.9
Dodging        | 1 2 3 |  3.2
Armour         | 4 5 |  5.5
Fighting       | 4 5 |  5.3
Stealth        | |  0.6

Action                   |  1- 3 |  4- 6 |  7- 9 || total
-------------------------+-------+-------+-------++-------
Melee: War axe           |    94 |   140 |   211 ||   445
       Eveningstar       |       |       |    20 ||    20
 Abil: Dig               |     1 |     4 |     1 ||     6
  Use: Scroll            |     6 |     3 |     3 ||    12
       Potion            |       |     2 |     1 ||     3
  Eat: Meat ration       |     1 |       |       ||     1
       Bread ration      |       |     1 |     1 ||     2
       Chunk             |       |       |     1 ||     1
Armor: Scale mail        |    55 |    67 |    83 ||   205
Dodge: Dodged            |    42 |    57 |    84 ||   183
Block: Shield            |    81 |    94 |   103 ||   278
